[Event "German Bundesliga 2022-23"]
[Site "Germany"]
[Date "2022.11.26"]
[Round "3.11"]
[White "Plenca, Julijan"]
[Black "Markus, Robert"]
[Result "0-1"]
[ECO "C02"]
[WhiteElo "2437"]
[BlackElo "2608"]
[Annotator "TA"]
[PlyCount "90"]
[EventDate "2022.10.21"]
[EventType "team-tourn"]
[EventCountry "GER"]
[SourceTitle "playchess.com"]
[Source "ChessBase"]
[SourceQuality "1"]
[TimeControl "40/6000+30:3000+30"]

1. e4 e6 2. d4 d5 3. e5 c5 4. c3 Nc6 5. Nf3 Bd7 6. Be2 Nge7 7. Na3 Ng6 8. h4 {[%emt 0:11:42][%cal Bh2h4,Bh4h5,Bh5h6][%mdl 32] C02: French: Advance Variation.} cxd4 9. cxd4 Be7 10. Nb5 {[%emt 0:06:58] The position is equal.} O-O (10... Bxh4 11. Nd6+ Kf8 12. Nxb7 $16) (10... Nxh4 11. Nxh4 Bxh4 12. Nd6+ Kf8 13. Nxb7 $16) 11. h5 (11. Nc3 {simplifies} f6 12. h5 Nh8 13. exf6 Bxf6 14. Be3) 11... Nh4 12. Nxh4 Bxh4 13. h6 {[%emt 0:03:07] Threatens to win with hxg7.} g6 14. O-O Be7 15. Be3 {[%emt 0:06:04] [#]} f6 $146 ({Predecessor:} 15... a6 16. Nc3 Na5 17. Rc1 Rc8 18. Qd2 Nc4 19. Bxc4 Rxc4 20. Rc2 Qa5 21. Bg5 Bxg5 22. Qxg5 {½-½ (32) Hasche,M-Davidov,D DESC email 2015}) 16. exf6 Bxf6 17. Qd2 Ne7 18. Nc3 Nf5 19. Bg4 Bh8 20. g3 {[%emt 0:05:49] Against Qh4} Qb6 21. Rad1 Rac8 22. Rfe1 Rc4 23. Bxf5 Rxf5 24. b3 Rc8 25. Na4 Bxa4 26. bxa4 Rc4 27. a5 Qc6 28. Qe2 e5 29. dxe5 Rxe5 {[%emt 0:00:13][%cal Od5d4] aiming for ...d4!} 30. Qf1 {[%emt 0:01:44] Prevents d4.} d4 (30... Rh5 $1 $11) 31. Bf4 $1 $14 Rxe1 (31... Rxa5 $2 32. Re8+ $3 Qxe8 33. Qxc4+ Qf7 34. Qc8+ Qf8 35. Qxb7 $18) 32. Rxe1 Bf6 $1 33. a6 (33. Re8+ {is more complex.} Kf7 34. a6 Rc5 35. Ra8) 33... b5 (33... bxa6 34. Re8+ $1 Qxe8 35. Qxc4+ Qf7 36. Qxa6 $16) (33... Qxa6 $2 34. Bd6 Rc6 35. Re8+ Kf7 36. Rf8+ Ke6 37. Qe1+ Kxd6 38. Rxf6+ Kc5 39. Rf7 $18) 34. Qe2 (34. Qd3 $5 ) 34... Kf7 $2 {[%emt 0:01:23][%mdl 8192] [#] Prevents a4.} (34... Rc2 $16 35. Qd3 Qc4) 35. Be5 $4 {[%emt 0:00:28][%mdl 8192] [#]} (35. Bd6 $1 {[%mdl 512] was the only winning move.} Qd7 36. Qe4 $1 Be7 37. Qd5+ Kf8 38. Bxe7+ Qxe7 39. Qa8+ Kf7 40. Rxe7+ Kxe7 41. Qxa7+ Kd6 42. Qxh7) 35... Rc2 $1 $19 (35... Qxa6 36. Bxf6 Qd6 37. Be7 d3 38. Qf3+) 36. Qf1 (36. Qe4 $142 Qxe4 37. Rxe4) 36... Bxe5 (36... Rxa2 37. Bxf6 Kxf6 38. Qh3 $11) 37. Rxe5 {[%emt 0:00:04][%mdl 4096] Endgame [#] KQR-KQR} d3 $1 {[%emt 0:00:20][%cal Bd4d3,Bd3d2][%mdl 32] ( -> ...Rc1)} ({And not} 37... Rxa2 38. Rxb5 Rxa6 39. Re5 $11) 38. Kh2 Rc1 ({Not} 38... Rxa2 39. Re3 $11) 39. Re1 d2 40. Rd1 g5 ({Weaker is} 40... Qxa6 41. Rxc1 dxc1=N 42. Qxc1 Qxa2 43. Qc7+ Kf6 44. Qd8+ Kf7 45. Qd7+ Kf6 46. Kg2 $11) (40... Qc2 41. Qxb5 Kf6 42. Qd5 Rxd1 43. Qd6+ Kf7 44. Qd7+ Kf8 45. Qd8+ Kf7 46. Qd7+ Kf6 47. Qd6+ Kf5 48. Qd5+ Kf6 49. Qd6+ $11) 41. Qd3 Rxd1 42. Qxh7+ Ke8 43. Qg8+ Kd7 44. Qf7+ Kc8 45. Qg8+ Kc7 {[%emt 0:00:17] Weighted Error Value: White=0.95/Black=0.20 (precise)} 0-1

[Event "German Bundesliga 2022-23"]
[Site "Germany"]
[Date "2022.11.26"]
[Round "3.12"]
[White "Alonso Rosell, Alvar"]
[Black "Burg, Twan"]
[Result "1/2-1/2"]
[ECO "D78"]
[WhiteElo "2563"]
[BlackElo "2519"]
[Annotator "TA"]
[PlyCount "91"]
[EventDate "2022.10.21"]
[EventType "team-tourn"]
[EventCountry "GER"]
[SourceTitle "playchess.com"]
[Source "ChessBase"]
[SourceQuality "1"]
[TimeControl "40/6000+30:3000+30"]

1. Nf3 d5 2. g3 g6 3. Bg2 Bg7 4. d4 Nf6 5. O-O O-O 6. c4 c6 7. Qb3 a5 8. cxd5 {[%emt 0:00:28] D78: Fianchetto Grünfeld: 6 0-0 c6.} a4 9. Qd1 cxd5 10. Nc3 Qa5 11. Bd2 Nc6 12. e3 e6 {[%emt 0:07:45] [#]} 13. Qe2 $146 ({Predecessor:} 13. Rc1 Qa6 14. Re1 Bd7 15. Bf1 Qa7 16. Ne5 Nxe5 17. dxe5 Ne8 18. Nxd5 exd5 19. Bb4 {0-1 (39) Ftacnik,L (2501)-Vogel,R (2447) Germany 2022}) 13... Qd8 14. Rfc1 Bd7 15. Ne1 Ne8 16. Nd3 Nd6 17. Nc5 b6 18. Nxd7 Qxd7 19. Be1 Rfc8 20. Rab1 Bf8 21. Bf1 Na5 {[%emt 0:05:37] The position is equal.} 22. Qd1 Nac4 23. b3 axb3 24. axb3 Na5 25. Na4 Qb7 26. Bd3 Rxc1 27. Rxc1 Rc8 28. Ra1 Nc6 29. Qe2 {[%emt 0:02:08] [#] aiming for Ba6.} Nb8 {[%emt 0:02:12] Inhibits Ba6.} 30. Nc3 Nc6 31. Ba6 Qa7 32. Ra4 Ra8 33. Nb5 Nxb5 34. Bxb5 Qb7 35. Qa2 Rxa4 36. Qxa4 Na7 37. Bd3 Nc6 38. Bb5 Na7 39. Bd3 Nc6 40. h4 h5 41. Bb5 Na7 42. Be2 Nc6 43. Qb5 Be7 44. Bc3 Qc7 45. Kg2 Na5 46. Bxa5 {[%emt 0:07:49] A balanced but interesting game.   Weighted Error Value: White=0.04 (flawless) /Black=0.04 (flawless)} 1/2-1/2

[Event "German Bundesliga 2022-23"]
[Site "Germany"]
[Date "2022.11.26"]
[Round "3.12"]
[White "Stevic, Hrvoje"]
[Black "Koelle, Tobias"]
[Result "1/2-1/2"]
[ECO "B22"]
[WhiteElo "2543"]
[BlackElo "2430"]
[Annotator "TA"]
[PlyCount "191"]
[EventDate "2022.10.21"]
[EventType "team-tourn"]
[EventCountry "GER"]
[SourceTitle "playchess.com"]
[Source "ChessBase"]
[SourceQuality "1"]
[TimeControl "40/6000+30:3000+30"]

1. e4 c5 2. c3 d5 3. exd5 Qxd5 4. d4 Nf6 5. Nf3 Bg4 6. dxc5 Qxd1+ 7. Kxd1 Nc6 8. Be3 Nd5 9. Bb5 e5 10. h3 Bxf3+ (10... Bd7 $1 $15) 11. gxf3 $14 Nxe3+ 12. fxe3 Bxc5 13. Ke2 O-O-O 14. Bxc6 bxc6 15. Nd2 f5 16. Nc4 Rhe8 17. Rag1 Rd7 18. h4 f4 19. Rg5 Bxe3 20. Nxe3 (20. Nxe5 $2 {too greedy.} Rd2+ 21. Ke1 Red8 $19) (20. Rxe5 $2 Rxe5 21. Nxe5 Rd2+ 22. Kf1 Rf2+ 23. Ke1 Rxb2 $19) 20... fxe3 21. Kxe3 Re6 22. h5 g6 23. hxg6 hxg6 24. Rhg1 Rdd6 25. R1g2 Kd7 26. Ke4 Rd1 27. Rxg6 (27. Rxe5 $2 {loses.} Re1+ 28. Kf4 R1xe5 $19) 27... Re1+ 28. Kd3 e4+ 29. fxe4 R6xe4 30. Rh6 R4e3+ 31. Kc4 R1e2 32. Rg7+ Re7 33. Rhh7 Rxg7 34. Rxg7+ Kc8 35. Kb3 Kb8 36. a4 Rh2 37. a5 a6 38. Rg4 Kc7 39. Rb4 Rh5 40. Ka4 $1 Rh1 {[%emt 0:00:12] [#]} 41. Kb3 (41. Rc4 $1 $16) 41... Rh5 $11 42. Ka4 (42. Ra4 $11) 42... Rh1 $1 $16 {[%emt 0:00:32] [#]} 43. Rc4 $1 Kd6 44. b4 Ra1+ 45. Kb3 Rb1+ 46. Kc2 Rh1 47. Rd4+ Kc7 48. Kb3 Rh7 49. Kc4 Rg7 50. Rh4 Rf7 51. Rh5 Rf4+ 52. Kc5 Rf7 53. Rh3 Rg7 54. Rh4 Rd7 55. c4 (55. Rg4 $16) 55... Rg7 $14 56. Kd4 Re7 57. Rf4 Rh7 58. Ke5 (58. Rf3 $16) 58... Re7+ $11 59. Kf6 Re1 60. c5 Kd7 61. Rd4+ Kc7 62. Rg4 Rf1+ 63. Ke5 Re1+ 64. Re4 Rh1 65. Kf6 Rf1+ 66. Ke7 Rd1 67. Ke8 Kc8 68. Re6 Kc7 69. Re7+ Kb8 70. Rd7 Rh1 71. Rf7 Rd1 72. Ke7 Rd4 73. Ke6 Rd1 74. Re7 Rd4 75. Rh7 Rd1 76. Rd7 Rh1 77. Re7 $1 Rd1 $1 78. Kf7 Rd4 79. Ke8 Rd1 80. Re4 Kc7 81. Kf7 Rf1+ 82. Ke6 $1 Rh1 83. Rf4 Re1+ 84. Kf6 Re2 85. Rh4 Rf2+ 86. Ke5 Re2+ 87. Re4 Rh2 88. Kf6 Rf2+ 89. Ke7 Rd2 90. Ke8 Rd1 91. Re7+ Kb8 $1 92. Rd7 Rh1 93. Rd8+ Kc7 94. Rd7+ Kb8 95. Rd8+ Kc7 96. Rd7+ 1/2-1/2

[Event "German Bundesliga 2022-23"]
[Site "Germany"]
[Date "2022.11.26"]
[Round "3.13"]
[White "Swinkels, Robin"]
[Black "Dragnev, Valentin"]
[Result "1/2-1/2"]
[ECO "E01"]
[WhiteElo "2514"]
[BlackElo "2544"]
[Annotator "TA"]
[PlyCount "101"]
[EventDate "2022.10.21"]
[EventType "team-tourn"]
[EventCountry "GER"]
[SourceTitle "playchess.com"]
[Source "ChessBase"]
[SourceQuality "1"]
[TimeControl "40/6000+30:3000+30"]

1. d4 Nf6 2. c4 e6 3. g3 d5 4. Bg2 Bb4+ 5. Bd2 Be7 6. Nf3 O-O 7. O-O Nbd7 8. Qc2 c6 9. Rc1 {[%emt 0:02:30] E11: Bogo-Indian.} a5 10. Bf4 Nh5 11. Bd2 {[%emt 0:11:43] The position is equal.} Nhf6 {[%emt 0:03:44] Prevents e4.} 12. Bf4 Nh5 13. Be3 Nhf6 14. a4 b6 15. cxd5 Nxd5 16. Qxc6 Ba6 17. Qc2 Rc8 18. Nc3 Nxe3 19. fxe3 Bb4 {[%emt 0:00:26] [#]} 20. Qd1 $146 ({Predecessor:} 20. e4 e5 21. e3 Bb7 22. Kh1 Rc7 23. d5 Qf6 24. Qe2 Nc5 25. Nb5 Rcc8 26. Rc4 {½-½ (50) Kruse,H (2627)-Riccio,E (2613) FICGS email 2020}) 20... Qe7 (20... Qf6 $11) 21. e4 $14 Bb7 22. e5 f6 23. exf6 $1 Qxf6 {[%emt 0:00:16] [#]} 24. Qd3 ({White should try} 24. Na2 $1 $16) 24... Rcd8 25. Ne4 (25. Rf1 {is interesting.} Qh6 26. Ne4 e5 27. Nfg5) 25... Qg6 26. Nf2 {[%emt 0:01:21] And now Qxg6 would win. Pair of Knights!} Qxd3 27. Nxd3 Bxf3 28. Bxf3 {[%emt 0:00:42] Black must now prevent Nxb4.} Bd2 29. Rc6 Be3+ 30. Kg2 Bxd4 31. Rxe6 Nc5 32. Nxc5 (32. Rxb6 $2 {loses.} Nxd3 33. Rb5 Nxb2 $19) 32... Bxc5 33. b3 Rfe8 34. Rxe8+ Rxe8 {[%emt 0:00:02][%mdl 4096] Endgame KRB-KRB} 35. Bd5+ Kf8 36. e4 {[%emt 0:01:04] Threatens to win with Rf1+.} Ke7 37. e5 Rf8 38. Ra2 Bb4 39. Rc2 {[%emt 0:00:12] Hoping for Rc7+.} Rd8 40. Rc7+ {[%emt 0:00:31] White is better.} Rd7 41. Rxd7+ Kxd7 $16 {[%emt 0:50:02] KB-KB} 42. Kf3 Ke7 43. Ke4 Bc3 44. Bg8 h6 45. Kf5 Bd4 46. Bc4 Bg1 47. h3 Bd4 48. g4 Bc3 49. Ke4 Be1 50. Kd5 Bf2 51. Ke4 {[%emt 0:00:49] Weighted Error Value: White=0.06 (flawless) /Black=0.07 (flawless)} (51. Be2 $16) 1/2-1/2

[Event "German Bundesliga 2022-23"]
[Site "Germany"]
[Date "2022.11.26"]
[Round "3.13"]
[White "Richter, Nils"]
[Black "Jovanovic, Zoran"]
[Result "1-0"]
[ECO "A04"]
[WhiteElo "2387"]
[BlackElo "2513"]
[Annotator "TA"]
[PlyCount "119"]
[EventDate "2022.10.21"]
[EventType "team-tourn"]
[EventCountry "GER"]
[SourceTitle "playchess.com"]
[Source "ChessBase"]
[SourceQuality "1"]
[TimeControl "40/6000+30:3000+30"]

1. Nf3 d6 2. d4 g6 3. g3 Bg7 4. Bg2 Nf6 5. O-O c6 6. c4 {[%emt 0:01:21] A49: 1 d4 Nf6 2 Nf3 g6 3 g3: Anti-King's Indian systems.} Be6 7. Nbd2 d5 8. b3 {[%emt 0:04:00] White is slightly better.} O-O 9. Bb2 {[%emt 0:00:43] [#]} a5 $146 ({Predecessor:} 9... Qc8 10. Rc1 dxc4 11. bxc4 Bh3 12. e4 Bxg2 13. Kxg2 Na6 14. Qe2 Nc7 15. Ne5 Nd7 {½-½ (37) Nagy,A (2156)-Smaraglay,B (1984) Hungary 2019}) 10. Re1 Na6 11. Ne5 Qb6 12. e4 dxe4 13. Nxe4 Rad8 (13... Nxe4 $11 14. Rxe4 (14. Bxe4 a4 $11) 14... Rfd8) 14. Ng5 $16 {[%emt 0:05:15] Threatens to win with Nxe6.} Bf5 15. g4 Bc8 16. Qe2 (16. h3 {keeps more tension.} h6 17. Ngxf7 Rxf7 18. Qd2) 16... Qc7 17. h3 $36 {[%emt 0:05:01][%cal Od4d5][%mdl 2048] White fights for an advantage.} h6 (17... Ne8 $14) 18. Ngf3 ({White should play} 18. Ngxf7 $16 Rxf7 19. Nxf7 (19. Nxg6 e6 $11) 19... Kxf7 20. Rad1) 18... Nd7 ({Better is} 18... h5 $1 $14) 19. Rad1 Nxe5 20. Nxe5 e6 21. Qf3 (21. Bc3 $16) 21... Nb8 $2 (21... Nb4 $1 $11) 22. Qg3 (22. Ba3 $18) 22... Rfe8 23. Qf4 ({White should try} 23. Rf1) 23... g5 24. Qf3 Qe7 (24... c5 $14) 25. Bc3 Nd7 26. Nxd7 {[%emt 0:04:46] White is much more active. The black rooks are badly placed.} (26. Bxa5 $142 Nxe5 27. dxe5) 26... Rxd7 27. d5 (27. Bxa5 Bxd4 28. Rd2 Rf8 $11) 27... cxd5 28. cxd5 Bxc3 29. Qxc3 Qd8 30. dxe6 Rxe6 {[%emt 0:01:38][%mdl 64] [#]} (30... Rxd1 31. exf7+ Kxf7 32. Qf3+ Qf6 33. Qxd1 $16 (33. Rxd1 Qxf3 34. Bxf3 Ke7 $16)) 31. Rxd7 Rxe1+ 32. Qxe1 Bxd7 33. Bxb7 {[%emt 0:00:42][%mdl 4096] Endgame KQB-KQB} Be6 34. Ba6 Qc7 {[%emt 0:00:36] Inhibits Bc4.} 35. Bc4 Bxc4 36. Qc3 (36. Qc1 $16) 36... Qb6 37. Qxc4 {[%emt 0:01:27] aiming for a3. KQ-KQ. Black is on the road to losing.} ({Reject} 37. bxc4 Qb1+ 38. Kg2 Qxa2 $11) 37... Qf6 38. Kg2 Qb2 39. Qa4 Qd2 (39... Qc3 $16) 40. Qe8+ $18 Kg7 41. Qe5+ Kg8 42. a3 Qd8 $2 (42... Qd7 43. Qxa5 Qc6+ 44. Kg1 Qc1+ 45. Kh2 Qf4+ 46. Kg2 Qe4+ 47. Kg1 (47. Kh2 Qf3 $18) 47... Qf3 48. Qd8+ Kh7) 43. b4 Qa8+ 44. Kh2 axb4 45. axb4 Qf3 46. Qf5 Qc3 47. b5 {[%emt 0:00:00] [#] Hoping for b6.} Qd4 {[%emt 0:00:05] Inhibits b6.} (47... Qc7+ 48. Kg1 Kg7) 48. Kg2 Kg7 49. Qf3 Qb2 (49... Kg8 $142 50. Qc6 Qa4) 50. Qc6 Qb4 51. b6 Qb2 52. b7 Qb3 53. Qe4 Qb5 54. Kg1 Kf8 55. Qf3 {[%emt 0:00:00] Intending Qa3+ and mate.} Qb1+ 56. Kh2 {[%emt 0:00:00] White mates.} Qb5 57. Qa3+ Kg7 58. Qc3+ Kg6 59. Qc7 Qb2 60. Kg2 {[%emt 0:00:00] Weighted Error Value: White=0.21 (precise) /Black=0.36} ({Worse is} 60. b8=B Qxf2+ 61. Kh1 Qf1+ 62. Kh2 Qf2+ 63. Kh1 Qf1+ 64. Kh2 Qf2+ $11) 1-0

[Event "German Bundesliga 2022-23"]
[Site "Germany"]
[Date "2022.11.26"]
[Round "3.14"]
[White "Bogner, Sebastian"]
[Black "Cyborowski, Lukasz"]
[Result "1/2-1/2"]
[ECO "C42"]
[WhiteElo "2540"]
[BlackElo "2495"]
[Annotator "TA"]
[PlyCount "88"]
[EventDate "2022.10.21"]
[EventType "team-tourn"]
[EventCountry "GER"]
[SourceTitle "playchess.com"]
[Source "ChessBase"]
[SourceQuality "1"]
[TimeControl "40/6000+30:3000+30"]

1. e4 e5 2. Nf3 Nf6 3. Nxe5 d6 4. Nf3 Nxe4 5. d4 d5 6. Bd3 Be7 7. O-O Nd6 8. Re1 O-O 9. Bf4 Re8 10. Nbd2 Nd7 11. Nf1 {[%emt 0:02:42] C42: Petroff Defence: 3 Nxe5 and unusual White 3rd moves.} Nf8 12. h3 c6 13. c3 {[%emt 0:03:43] [#] White has an edge.} Be6 $146 ({Predecessor:} 13... Ne6 14. Be5 f6 15. Bh2 g6 16. Ne3 Ng7 17. Qb3 Be6 18. Re2 Qd7 19. Rae1 Rac8 {½-½ (41) Simal Moreira,L (2349)-Nemec,Z (2317) LSS email 2018}) 14. Qc2 Qd7 15. Ne5 Qc8 16. Ng3 f6 17. Ng4 Qd7 (17... Bxg4 $2 18. Rxe7 Rxe7 19. Bxd6 $18) 18. Re2 (18. Re3 {is interesting.} Nc4 19. Rf3 Bf7 20. Nf5) 18... Bxg4 19. hxg4 {[%emt 0:00:02] Strongly threatening Nf5.} g6 {[%emt 0:05:46] Inhibits Nf5.} (19... Qxg4 20. Rxe7 $1 Qxf4 21. Bxh7+ $1 (21. Nh5 Qh6 $14) 21... Kh8 22. Rxg7 $1 $16) 20. Rae1 Bd8 $1 21. Rxe8 Nxe8 22. Qb3 b5 {[%emt 0:04:20] Against c4} 23. a4 (23. Qd1 {simplifies} Bc7 24. Bxc7 Nxc7 25. f4) 23... a6 24. Qa3 {[%emt 0:02:23] Black must now prevent axb5.} Ne6 25. Bh6 Be7 26. Qa2 {[%emt 0:01:58] next axb5 is good for White.} N8c7 27. axb5 axb5 28. Qb1 {[%emt 0:00:03][%cal Od3g6] aiming for Bxg6!} Bf8 29. Bd2 Bd6 30. Ne2 Re8 (30... Ng7 $5 ) 31. Qc1 Ng7 32. g5 fxg5 33. Bxg5 Nce6 34. Bd2 (34. Bh6 {with more complications.} Qf7 35. Ng3 Qf6 36. Qd2) 34... Qf7 35. Rf1 Nf5 36. g3 Nfg7 37. Kg2 {[%emt 0:00:38] Against Qf3+} Rf8 38. Ng1 {[%emt 0:00:26] Against Qf3+} Nh5 39. Be2 Qf5 40. Qd1 {[%emt 0:00:27] [#]} (40. Be3 $11) 40... Nhf4+ $1 41. Kh1 {[%emt 0:08:01] Threatens to win with Bg4.} (41. Kh2 h5) 41... Nxe2 42. Qxe2 Ng7 {[%emt 0:00:37][%cal Od6g3] And now ...Bxg3! would win.} 43. Kg2 Re8 44. Qd1 Qe4+ {[%emt 0:07:10] Weighted Error Value: White=0.13 (very precise) /Black=0.09 (flawless)} 1/2-1/2

[Event "German Bundesliga 2022-23"]
[Site "Germany"]
[Date "2022.11.26"]
[Round "3.14"]
[White "Kovacevic, Aleksandar"]
[Black "Deuer, Marius"]
[Result "1-0"]
[ECO "E15"]
[WhiteElo "2470"]
[BlackElo "2338"]
[Annotator "TA"]
[PlyCount "115"]
[EventDate "2022.10.21"]
[EventType "team-tourn"]
[EventCountry "GER"]
[SourceTitle "playchess.com"]
[Source "ChessBase"]
[SourceQuality "1"]
[TimeControl "40/6000+30:3000+30"]

1. Nf3 Nf6 2. d4 e6 3. c4 b6 4. g3 Ba6 5. b3 Bb4+ 6. Bd2 Be7 7. Nc3 d5 8. cxd5 exd5 9. Bg2 O-O 10. O-O Re8 11. Ne5 {[%emt 0:05:57][%cal Ob3b4] 11.Rc1 gains popularity. E15: Queen's Indian: 4 g3 sidelines, 4 g3 Ba6 and 4 g3 Bb7 early deviations.} Bb7 {[%emt 0:01:14] Inhibits b4.} 12. Rc1 Nbd7 13. Bf4 {[%emt 0:03:39] The position is equal.} Nf8 14. Rc2 Ne6 15. Bc1 {[%emt 0:01:07] [#]} a6 $146 ({Predecessor:} 15... Bb4 16. Bb2 Qe7 17. e3 c5 18. Ne2 Rac8 19. a3 Ba5 20. Nf4 Nxf4 21. exf4 Ne4 {0-1 (31) Jumabayev,R (2654)-Martirosyan,H (2617) Chess.com INT 2020}) 16. e3 Bd6 17. Bb2 c5 (17... Rc8 $11 {keeps the balance.}) 18. Nc4 {[%emt 0:05:19] White is more active.} (18. Na4 $16) 18... cxd4 $11 (18... Bf8 {feels hotter.} 19. dxc5 Nxc5 20. Rd2 Nce4) 19. Nxd6 Qxd6 20. exd4 Rac8 21. Qd3 b5 22. Rfc1 h6 23. Nd1 Rxc2 24. Rxc2 Ne4 25. Ne3 Qd7 26. Re2 (26. f3 $5 Nf6 27. Bc3 $14) 26... Rd8 27. Ng4 (27. f3 $5 ) 27... Rc8 (27... Qc7 $11 {should be considered.}) 28. f3 $14 Nd6 29. Bh3 {[%emt 0:02:40] Strongly threatening Ne5.} (29. Ne5 $5 Qc7 30. Bh3 $16) 29... Qc7 30. Ba3 (30. Nxh6+ {is interesting.} gxh6 31. Bxe6 fxe6 32. Rxe6 Ne8 33. Rxe8+ Rxe8 34. Qg6+) 30... Re8 {[%emt 0:06:17] [#]} 31. Nxh6+ $1 gxh6 {[%emt 0:00:53] [#]} 32. Bxe6 Rxe6 33. Rxe6 {[%emt 0:00:14][%mdl 64] Remove Defender} fxe6 34. Qg6+ Kh8 35. Qxh6+ Kg8 36. Qg6+ (36. Qxe6+ Nf7 $14) 36... Kh8 37. Qh6+ (37. Qxe6 $6 Nf7 $11) 37... Kg8 38. Qf4 {[%emt 0:00:33] Against Nf5} ({Resist} 38. Qxe6+ Nf7 $14) 38... b4 39. Bxb4 Nb5 {[%emt 0:00:05] ...Qxf4 is the strong threat.} 40. Qg4+ {[%emt 0:01:30][%mdl 1024] White has strong compensation.} (40. Qxc7 {simplifies} Nxc7 41. a4 Bc6 42. g4) 40... Kf7 41. Qh5+ Kg7 42. Qg4+ Kf7 {[%emt 0:02:49] [#]} 43. Bc5 $1 {[%emt 0:01:54] Threatens to win with h4.} Kf6 $2 {[%emt 0:15:18] Loses the game.} (43... e5 $1 $14) 44. a4 $18 Nc3 45. h4 Qg7 {[%emt 0:07:36] Prevents Qg5+.} 46. Qf4+ Kg6 {[%emt 0:00:06] White must now prevent ...Ne2+.} 47. Qd2 {[%emt 0:01:31] Prevents Ne2+.} Kh7 48. Kf2 ({Much less strong is} 48. Qxc3 Qxg3+ 49. Kf1 Bc6 50. Qd3+ Kg7) 48... Ne4+ 49. fxe4 dxe4 {[%emt 0:00:05][%mdl 4096] Endgame KQB-KQB} 50. Qf4 {[%emt 0:01:57] Against Qf7} Bd5 51. b4 Qd7 52. Bd6 Qe8 (52... e5 53. Qxe5 Qf7+ 54. Kg1 Qe6 55. Qh5+ Kg8) 53. b5 axb5 54. axb5 e5 55. Qf5+ ({Less strong is} 55. dxe5 Qxb5 56. Qf5+ Kh8 $18) 55... Kg8 56. Bxe5 {[%emt 0:00:25] Qg5+ would kill now.} Qxb5 57. Qg6+ Kf8 58. Bd6# {[%emt 0:00:04] Weighted Error Value: White=0.19 (very precise) /Black=0.36} 1-0

[Event "German Bundesliga 2022-23"]
[Site "Germany"]
[Date "2022.11.26"]
[Round "3.15"]
[White "Jaracz, Pawel"]
[Black "Lokander, Martin"]
[Result "1/2-1/2"]
[ECO "C70"]
[WhiteElo "2461"]
[BlackElo "2443"]
[Annotator "TA"]
[PlyCount "48"]
[EventDate "2022.10.21"]
[EventType "team-tourn"]
[EventCountry "GER"]
[SourceTitle "playchess.com"]
[Source "ChessBase"]
[SourceQuality "1"]
[TimeControl "40/6000+30:3000+30"]

1. e4 e5 2. Nf3 Nc6 3. Bb5 a6 4. Ba4 Bc5 5. O-O Nge7 {[%emt 0:01:22] [#]} 6. Bb3 $146 {[%emt 0:13:33] C70: Ruy Lopez: 3...a6 4 Ba4, Norwegian and Delayed Schliemann.} (6. Nxe5 $1 $16 Nxe5 7. d4) ({Predecessor:} 6. Nxe5 Nxe5 7. d4 b5 8. Bb3 Bxd4 9. Qxd4 d6 10. Qe3 c5 11. c3 O-O 12. Qg3 c4 13. Bc2 {1-0 (64) McShane,L (2674)-Matlakov,M (2688) Tornelo INT 2021}) 6... Ng6 $11 7. c3 O-O 8. d4 {[%emt 0:00:37] White has an edge.} Ba7 9. Bg5 Qe8 10. Re1 d6 11. h3 Kh8 12. Na3 Bd7 13. Bd5 Rb8 14. Nc2 f6 15. Be3 Nce7 {[%emt 0:00:42] Against a4} 16. Bb3 Ra8 17. Nb4 a5 18. Nd5 Nxd5 19. Bxd5 Qc8 20. a4 Be6 21. Bxe6 Qxe6 22. Qd3 Qf7 23. Rac1 Rfe8 24. Qc2 Kg8 {[%emt 0:04:32] Weighted Error Value: White=0.16 (very precise) /Black=0.10 (very precise)} 1/2-1/2

[Event "German Bundesliga 2022-23"]
[Site "Germany"]
[Date "2022.11.26"]
[Round "3.15"]
[White "Vyval, Volodymyr"]
[Black "Palac, Mladen"]
[Result "0-1"]
[ECO "B91"]
[WhiteElo "2305"]
[BlackElo "2509"]
[Annotator "TA"]
[PlyCount "90"]
[EventDate "2022.10.21"]
[EventType "team-tourn"]
[EventCountry "GER"]
[SourceTitle "playchess.com"]
[Source "ChessBase"]
[SourceQuality "1"]
[TimeControl "40/6000+30:3000+30"]

1. e4 c5 2. Nf3 d6 3. d4 cxd4 4. Nxd4 Nf6 5. Nc3 a6 6. g3 e5 7. Nde2 Be7 8. Bg2 O-O 9. a4 Nc6 10. O-O Nb4 {[%emt 0:03:33] B91: Sicilian Najdorf: 6 g3.} 11. b3 Be6 12. Ba3 a5 {[%emt 0:00:35] The position is equal.} 13. Nb5 d5 14. exd5 Bxd5 15. c3 Nc6 16. Bxe7 Nxe7 {[%emt 0:00:15] [#]} 17. Ra2 $146 (17. Bxd5 $11 Qxd5 18. Qxd5 Nfxd5 19. Rad1) ({Predecessor:} 17. c4 Bxg2 18. Kxg2 Qb6 19. Nec3 Rad8 20. Qe2 Nc6 21. Rad1 Qc5 22. Qf3 h6 23. Nd5 Nxd5 24. Rxd5 Rxd5 25. Qxd5 {1-0 (43) Engel,L (2512)-Roseneck,J (2403) Willingen 2019}) 17... Qb6 (17... Bxg2 {simplifies} 18. Qxd8 Rfxd8 19. Kxg2 Ne4) 18. Bxd5 Nexd5 19. Rd2 Rad8 {[%emt 0:01:48] [#] ...Ne3 is the strong threat.} 20. Rd3 {[%emt 0:09:28] Inhibits Ne3.} Ne7 (20... Qe6 $15 21. Qd2 (21. c4 Qh3 $17) 21... Rc8) 21. Rd6 Rxd6 22. Qxd6 Nc6 23. Qa3 (23. Qd3 $11 {remains equal.}) 23... Ne4 $17 {[%emt 0:07:12][%cal Bf6e4,Be4d2,Bd2b3,Bb3c5][%mdl 32] Black keeps a firm grip on the game.} 24. Qc1 (24. c4 $17 {was worth a try.}) 24... Rd8 $19 25. Kg2 Nd2 26. Re1 Nxb3 27. Qc2 Nc5 {[%emt 0:00:30] White must now prevent ...Nd3.} 28. Rb1 Ne7 29. Kg1 Qg6 30. Qxg6 hxg6 ({Not} 30... fxg6 31. Na3 $17) 31. Kf1 (31. Na3 {might work better.}) 31... Rd7 (31... Nxa4 $2 32. Ra1 Nb6 33. Rxa5) 32. Na3 Nxa4 33. Nc4 Nc6 34. Ke1 f6 35. Rb5 {[%emt 0:00:27] [#]} b6 $1 36. h4 Na7 37. Rb3 Rc7 38. Ne3 Kf7 39. Nd5 Rc6 40. Ra3 Nb2 41. Nb4 Rd6 {[%emt 0:05:34][%csl Gb2][%cal Rd6d1] Black is clearly winning.} (41... axb4 $2 42. Rxa7+ Kg8 43. cxb4 $19) 42. f4 Nb5 (42... axb4 $2 {loses.} 43. Rxa7+ Kg8 44. cxb4 $19) 43. Rb3 (43. Ra2 $142 Rd1+ 44. Kf2) 43... Rd1+ 44. Kf2 Rb1 45. c4 Nd1+ {[%emt 0:00:07] Weighted Error Value: White=0.45/Black=0.06 (flawless)} ({Weaker is} 45... Nxc4 46. Rxb1 Nba3 47. Rb3 $16) 0-1